AoeStats
← crudelitas

Golden Pit

503127160Analyzed
1v1 RM · 1mo ago on Aug 30, 2026· 29m 44s· 2 players
Game mode
Random Map
Map size
Tiny (2 player)
Population
200
Speed
Normal
Resources
Standard
Victory
Conquest
Starting age
Dark Age
Ending age
Imperial Age
RankedLock teamsTeams togetherTeam positionsShared explorationLock speedFull tech treeHidden civsTurbo modeCheats
Victory
Defeat
🇨🇴 Franks · Colombia
861
+15
🇩🇪 Berbers · Germany
849
-15
crudelitas
4:15 Loom
11:01 Feudal Age
11:39 Double-Bit Axe
13:20 Fletching
13:25 Horse Collar
21:19 Padded Archer Armor
23:56 Castle Age
23:15 Gold Mining
23:18 Stone Mining
23:59 Crossbowman
24:45 Heavy Plow
25:58 Thumb Ring
27:02 Ballistics
27:49 Bodkin Arrow
27:38 Treadmill Crane
cristianarturo201822
3:46 Loom
11:13 Feudal Age
15:56 Castle Age
15:57 Double-Bit Axe
23:37 Scale Barding Armor
24:27 Town Watch
27:56 Coinage
28:01 Chain Barding Armor
27:38 Fletching
29:48 Forging
Connection lost

Rejoining the realm…

Still unreachable

The connection could not be restored.

Session expired

The server has moved on; the page needs a fresh start.